 Dungeon Crawl Stone Soup version 0.22-a0-284-g99d1f74 (webtiles) character file.

14343 Amnesiac the Thaumaturge (level 11, -8/61 HPs)
             Began as a Deep Elf Wizard on Mar 21, 2018.
             Was a High Priest of Sif Muna.
             Hit by a large rock thrown by a cyclops (58 damage)
             ... on level 12 of the Dungeon.
             The game lasted 00:32:15 (14133 turns).

Amnesiac the Thaumaturge (Deep Elf Wizard)         Turns: 14133, Time: 00:32:16

Health: -8/61      AC:  8    Str:  4    XL:     11   Next: 87%
Magic:  25/31      EV: 17    Int: 27    God:    Sif Muna [*****.]
Gold:   819        SH:  5    Dex: 13    Spells: 4/38 levels left

rFire    + . .     SeeInvis .   a - staff of wizardry
rCold    + . .     Gourm    .   z - +0 buckler (curse)
rNeg     . . .     Faith    .   u - +0 robe
rPois    .         Spirit   .   y - +0 helmet
rElec    .         Reflect  .   s - +0 cloak
rCorr    .         Harm     +   v - +0 pair of gloves
MR       +....                  J - +2 pair of boots
Stlth    ++........             A - amulet of harm
HPRegen  0.20/turn              k - ring of protection from cold
MPRegen  0.22/turn              q - ring of protection from fire

@: divine energy
A: no striking features
a: Stop Divine Energy, Channel Magic, Forget Spell, Renounce Religion


You were on level 12 of the Dungeon.
You worshipped Sif Muna.
Sif Muna was extremely pleased with you.
You were not hungry.

You visited 2 branches of the dungeon, and saw 13 of its levels.

You collected 886 gold pieces.
You spent 67 gold pieces at shops.

Inventory:

Hand Weapons
 b - the +6 flail of Nemelex Xobeh's Envy {crush, MR+++ Str-3 Int+6 Dex+3}
   (You took it off a gnoll on level 8 of the Dungeon)

   It inflicts extra damage upon your enemies.
   It affects your strength (-3).
   It affects your intelligence (+6).
   It affects your dexterity (+3).
   It affects your resistance to hostile enchantments.
Armour
 s - a +0 cloak (worn)
 u - a +0 robe (worn)
 v - a +0 pair of gloves (worn)
 y - a +0 helmet (worn)
 z - a cursed +0 buckler (worn)
 J - a +2 pair of boots (worn)
Magical Staves
 a - an uncursed staff of wizardry (weapon)
Jewellery
 k - a ring of protection from cold (left hand)
 q - a ring of protection from fire (right hand)
 A - an amulet of harm (around neck)
 L - an uncursed ring of wizardry
 Q - an uncursed ring of flight
Wands
 x - a wand of paralysis (25)
 K - a wand of iceblast (9)
 O - a wand of polymorph (15)
Scrolls
 e - 2 scrolls of amnesia {!r}
 j - 9 scrolls of remove curse {!r}
 m - a scroll of vulnerability {!r, unknown}
 n - 2 scrolls of enchant armour {!r, unknown}
 t - 3 scrolls of teleportation {!r, unknown}
 B - a scroll of silence {!r, unknown}
 C - 3 scrolls of enchant weapon {!r, unknown}
 E - 2 scrolls of magic mapping {!r, unknown}
 G - 4 scrolls of identify {!r}
 I - 2 scrolls of holy word {!r, unknown}
 N - a scroll of torment {!r, unknown}
 P - a scroll of random uselessness {!r, unknown}
Potions
 c - 4 potions of brilliance {!q, unknown}
 g - 2 potions of berserk rage {!q, unknown}
 h - 6 potions of curing {!q}
 i - 4 potions of heal wounds {!q, unknown}
 l - 4 potions of lignification {!q, unknown}
 o - 3 potions of haste {!q}
 p - 2 potions of invisibility {!q}
 r - 2 potions of flight {!q}
 w - a potion of cancellation {!q}
 D - 2 potions of might {!q}
 F - a potion of experience {!q, unknown}
 H - 2 potions of magic {!q}
 M - a potion of agility {!q, unknown}
Comestibles
 d - 20 rations
 f - 7 chunks of flesh


   Skills:
 - Level 4.0 Fighting
 - Level 8.2 Dodging
 - Level 2.4 Stealth
 - Level 4.0 Shields
 - Level 14.0 Spellcasting
 - Level 8.0 Conjurations
 + Level 4.0 Charms
 - Level 1.1 Summonings
 - Level 11.2 Translocations


You had 4 spell levels left.
You knew the following spells:

 Your Spells              Type           Power        Failure   Level  Hunger
a - Magic Dart            Conj           ####         1%          1    None
b - Call Imp              Summ           ###.....     1%          2    None
c - Controlled Blink      Tloc           N/A          56%         8    #######
d - Gell's Gravitas       Tloc           ######....   1%          3    None
e - Mephitic Cloud        Conj/Pois/Air  ####....     1%          3    None
f - Dispersal             Tloc           ######....   1%          6    ####...
g - Lesser Beckoning      Tloc           ######....   1%          3    None
s - Conjure Flame         Conj/Fire      #####...     1%          3    None
v - Blink                 Tloc           N/A          1%          2    None
z - Ozocubu's Armour      Chrm/Ice       ####....     1%          3    None


Dungeon Overview and Level Annotations

Branches:
Dungeon (12/15)            Temple (1/1) D:6            Lair (0/6) D:10
    Orc (0/2) D:10

Altars:
Cheibriados
Elyvilon
Fedhas
Gozag
Hepliaklqana
Kikubaaqudgha
Nemelex Xobeh
Okawaru
Qazlal
Sif Muna
Trog
Uskayaw
Vehumet
Wu Jian
Xom
Yredelemnul
The Shining One

Shops:
D:5 [   D:8 *

Annotations:
D:10 exclusion: downstairs


Message History

f - 7 chunks of flesh (gained 1)
Things that are here:
a hand axe; an orc skeleton
Things that are here:
a hand axe; an orc skeleton You see here a club.
There is an open door here.
There is an open door here.
You see here 2 poisoned needles.
There is an open door here.
Found a robe.
Found a scale mail.
You see here a robe.
You now have 819 gold pieces (gained 12).
A centaur comes into view.
A centaur is nearby!
A centaur is nearby!
The centaur shouts!
You hear a shout!
The centaur wields a runed shortbow.
It bursts into flame!
The centaur shoots an arrow.
You block the arrow.
A cyclops comes into view.
There is an open door here.
You see here an arrow.
Casting: Magic Dart (safe; 1% risk of failure)
Confirm with . or Enter, or press ? or * to list all spells.
Aiming: Conjure Flame (safe; 1% risk of failure)
Press: ? - help, Dir - move target cursor
Okay, then.
The centaur shoots an arrow.
The arrow hits you! The arrow burns you.
You see here an arrow.
The centaur shoots an arrow.
The arrow barely misses you.
The centaur shoots an arrow.
The arrow closely misses you.
Casting: Conjure Flame (safe; 1% risk of failure)
Confirm with . or Enter, or press ? or * to list all spells.
Okay, then.
Casting: Conjure Flame (safe; 1% risk of failure)
Confirm with . or Enter, or press ? or * to list all spells.
Aiming: Conjure Flame (safe; 1% risk of failure)
Press: ? - help, Dir - move target cursor The fire ignites!
The centaur shoots an arrow.
The arrow barely misses you.
You see here an arrow.
Casting: Conjure Flame (safe; 1% risk of failure)
Confirm with . or Enter, or press ? or * to list all spells.
Aiming: Gell's Gravitas (safe; 1% risk of failure)
Press: ? - help, Dir - move target cursor Gravity reorients around empty space.
The centaur is engulfed in blazing flames.
The centaur unwields an uncursed shortbow of flaming.
It stops flaming.
You block the centaur's attack.
Casting: Gell's Gravitas (safe; 1% risk of failure)
Confirm with . or Enter, or press ? or * to list all spells.
Aiming: Magic Dart (safe; 1% risk of failure)
Press: ? - help, Shift-Dir - straight line, f - centaur
Aim: a centaur (flame, heavily wounded)
The magic dart hits the centaur.
The centaur is severely wounded.
The centaur is engulfed in blazing flames.
You kill the centaur!
Sif Muna accepts your kill.
Your Charms skill increases to level 4!
The cyclops throws a large rock.
The large rock hits you!!!
Ouch! That really hurt!
You die...

#.# #..... #[# ##+### #.#
#...# ###.### ###.# #.....#
#.. ####+## #.....##### ###
.......######.........# #).
C......C(ยง(##.[...###.###..
.......###@##.....# #...#..
....... #.##.....# ###.#..
####### #........# #.'..
####.....# ###.. ####### ###


You could see a cyclops.

Vanquished Creatures
  2 two-headed ogres (D:11)
  A death knight (D:11)
  An ugly thing (D:12)
  A cyclops (D:11)
  Maurice (D:9)
  2 freezing wraiths (D:11)
  2 komodo dragons (D:10)
  A troll (D:12)
  Prince Ribbit (D:7)
  2 hornets
  2 hippogriffs
  2 wraiths (D:11)
  A wyvern (D:12)
  4 hogs (D:7)
  A human (D:7)
  9 yaks
  2 hungry ghosts
  2 water moccasins
  5 orc warriors
  An ice beast (D:10)
  3 sky beasts
  2 black bears
  6 ogres
  An eye of draining (D:12)
  3 centaurs
  A crocodile (D:12)
  4 big kobolds
  4 bullfrogs
  A scorpion (D:7)
  12 killer bees
  6 wights
  3 electric eels (D:8)
  5 howler monkeys
  A bullfrog zombie (D:5)
  6 crimson imps
  3 centaur zombies
  5 hounds
  A jelly (D:11)
  9 orc priests
  11 orc wizards
  Crazy Yiuf (D:2)
  3 centaur skeletons
  Ijyb (D:5)
  A bullfrog skeleton (D:6)
  An iguana (D:10)
  8 worker ants
  2 hound zombies (D:11)
  A howler monkey zombie (D:5)
  12 gnolls
  11 adders
  3 shadow imps
  An adder zombie (D:7)
  An adder skeleton (D:6)
  3 leopard geckos
  60 orcs
  2 ball pythons
  10 giant cockroaches
  7 goblins
  A hobgoblin (D:1)
  9 jackals
  2 quokkas
  6 bats
  A frilled lizard (D:1)
  A jackal skeleton (D:4)
  24 kobolds
  A leopard gecko zombie (D:5)
  3 rats
  2 plants (D:10)
308 creatures vanquished.

Vanquished Creatures (collateral kills)
  A killer bee (D:7)
  An orc wizard (D:8)
  2 orcs (D:3)
4 creatures vanquished.

Grand Total: 312 creatures vanquished

Notes
Turn   | Place    | Note
-------+----------+-------------------------------------------
     0 | D:1      | Amnesiac the Deep Elf Wizard began the quest for the Orb.
     0 | D:1      | Reached XP level 1. HP: 10/10 MP: 7/7
   365 | D:1      | Reached XP level 2. HP: 15/15 MP: 3/9
   369 | D:1      | Learned a level 2 spell: Blink
   372 | D:1      | Learned a level 2 spell: Call Imp
   769 | D:2      | Found a stormy altar of Qazlal.
   770 | D:2      | Found a blossoming altar of Fedhas.
   851 | D:2      | Found a radiant altar of Vehumet.
   897 | D:2      | Reached XP level 3. HP: 19/19 MP: 9/11
   902 | D:2      | Learned a level 3 spell: Conjure Flame
   906 | D:2      | Learned a level 3 spell: Mephitic Cloud
   971 | D:2      | Found a shimmering altar of Xom.
  1208 | D:2      | Found a runed door.
  1351 | D:2      | Noticed Crazy Yiuf
  1357 | D:2      | Killed Crazy Yiuf
  1357 | D:2      | Reached XP level 4. HP: 24/24 MP: 3/12
  2248 | D:3      | Reached skill level 1 in Fighting
  2275 | D:3      | Found a hide-covered altar of Uskayaw.
  2277 | D:3      | Found a shimmering altar of Xom.
  2277 | D:3      | Found a shadowy altar of Dithmenos.
  2279 | D:3      | Found a sacrificial altar of Ru.
  2279 | D:3      | Found a glowing golden altar of the Shining One.
  2279 | D:3      | Found an opulent altar of Gozag.
  2388 | D:3      | Found a snail-covered altar of Cheibriados.
  2606 | D:4      | Reached XP level 5. HP: 27/30 MP: 0/13
  3057 | D:4      | Found a hazy altar of Hepliaklqana.
  3233 | D:4      | Found a transporter.
  3233 | D:4      | Found a glowing golden altar of the Shining One.
  3300 | D:4      | Found a transporter.
  3376 | D:4      | Noticed a hungry ghost
  3433 | D:3      | Killed a hungry ghost
  3433 | D:3      | Reached XP level 6. HP: 38/38 MP: 1/14
  3820 | D:4      | Identified the Tome of Dislocation and Poisoning
  3843 | D:5      | Entered Level 5 of the Dungeon
  3844 | D:5      | Noticed Ijyb
  3845 | D:5      | Found Loohagg's Armour Shoppe.
  3970 | D:5      | Paralysed by Ijyb for 7 turns
  3986 | D:5      | Killed Ijyb
  4065 | D:5      | Bought a +0 helmet for 67 gold pieces
  4345 | D:5      | Reached skill level 1 in Shields
  4345 | D:5      | Reached XP level 7. HP: 37/43 MP: 7/15
  4559 | D:6      | Found a staircase to the Ecumenical Temple.
  4568 | Temple   | Entered the Ecumenical Temple
  4596 | Temple   | Became a worshipper of Sif Muna the Loreminder
  4627 | D:6      | Found a deep blue altar of Sif Muna.
  4918 | D:6      | Found a basalt altar of Yredelemnul.
  5056 | D:6      | Found a bloodstained altar of Trog.
  5128 | D:6      | Found a white marble altar of Elyvilon.
  5311 | D:7      | Reached XP level 8. HP: 40/48 MP: 7/16
  5343 | D:7      | Noticed Prince Ribbit
  5349 | D:7      | Killed Prince Ribbit
  5349 | D:7      | Reached * piety under Sif Muna
  5349 | D:7      | Reached skill level 5 in Translocations
  5466 | D:7      | Reached skill level 5 in Spellcasting
  5705 | D:7      | Noticed a hippogriff
  5710 | D:7      | Killed a hippogriff
  5889 | D:7      | Reached skill level 6 in Spellcasting
  6051 | D:7      | Reached XP level 9. HP: 52/52 MP: 10/20
  6053 | D:7      | Reached ** piety under Sif Muna
  6266 | D:7      | Reached skill level 7 in Spellcasting
  6889 | D:8      | Reached skill level 8 in Spellcasting
  6921 | D:8      | Reached *** piety under Sif Muna
  6946 | D:8      | HP: 2/52 [orc/club (7)]
  7356 | D:8      | Reached skill level 10 in Translocations
  7368 | D:8      | Reached skill level 9 in Spellcasting
  7454 | D:8      | Found Gozag's Platinum Reserve.
  7454 | D:8      | Found an opulent altar of Gozag.
  7467 | D:8      | Learned a level 8 spell: Controlled Blink
  7564 | D:8      | Got a crude flail {crush}
  7565 | D:8      | Identified the +6 flail of Nemelex Xobeh's Envy {crush, MR+++ Str-3 Int+6 Dex+3} (You took it off a gnoll on level 8 of the Dungeon)
  8221 | D:9      | Noticed Maurice
  8244 | D:9      | Killed Maurice
  8244 | D:9      | Reached **** piety under Sif Muna
  8244 | D:9      | Reached skill level 10 in Spellcasting
  8244 | D:9      | Reached XP level 10. HP: 52/56 MP: 4/26
  8463 | D:9      | Found an ornate altar of the Wu Jian Council.
  8804 | D:9      | Reached skill level 11 in Spellcasting
  8804 | D:9      | Reached skill level 5 in Conjurations
  9305 | D:10     | Entered Level 10 of the Dungeon
  9489 | D:10     | Found a staircase to the Lair.
 10003 | D:10     | Reached ***** piety under Sif Muna
 10008 | D:10     | Identified Sif Muna's Papyrus of Dislocation (Sif Muna gifted it to you on level 10 of the Dungeon)
 10008 | D:10     | Received a gift from Sif Muna
 10049 | D:10     | Reached skill level 12 in Spellcasting
 10683 | D:10     | Reached XP level 11. HP: 61/61 MP: 12/29
 10785 | D:10     | Reached skill level 13 in Spellcasting
 10893 | D:10     | Found a staircase to the Orcish Mines.
 11328 | D:11     | Noticed a two-headed ogre
 11541 | D:11     | Killed a two-headed ogre
 11541 | D:11     | Reached skill level 5 in Dodging
 11746 | D:11     | Noticed a two-headed ogre
 11772 | D:11     | Killed a two-headed ogre
 12523 | D:11     | Noticed a death knight
 12538 | D:11     | Killed a death knight
 12795 | D:11     | Learned a level 3 spell: Gell's Gravitas
 13312 | D:12     | Noticed a red ugly thing
 13362 | D:12     | Killed a red ugly thing
 13602 | D:12     | Reached skill level 14 in Spellcasting
 13616 | D:12     | Learned a level 6 spell: Dispersal
 13765 | D:12     | Learned a level 3 spell: Ozocubu's Armour
 13778 | D:12     | Identified Sif Muna's Compendium of Companions and Dislocation (Sif Muna gifted it to you on level 12 of the Dungeon)
 13778 | D:12     | Received a gift from Sif Muna
 13778 | D:12     | Reached skill level 1 in Charms
 13858 | D:12     | Learned a level 3 spell: Lesser Beckoning
 14133 | D:12     | Hit by a large rock thrown by a cyclops

Vault maps used:
D:1:      dpeg_arrival_chambers_temple_mockup, roderic_malta_cross,
          minmay_unequal
D:2:      grunt_temple_overflow_forces_of_nature, lemuel_coloured_pillars_altar,
          vehumet_crystals, supply_closet_lemuel, uniq_crazy_yiuf_cottage
D:3:      marbit_many_paths, grunt_ministairs_9, doesnt_xom_only_xom
D:4:      gammafunk_temple_overflow_arena, lemuel_round_altar, first_ration
D:5:      serial_shops, shop, uniq_ijyb
D:6:      kennysheep_ying_yang, bloody_trog, minmay_temple_entry_glass,
          basic_altar
D:7:      hangedman_decor_clover_reticule, grunt_livestock, uniq_prince_ribbit1
D:8:      nicolae_gozag_zags_fifth_avenue, chequers_big_river
D:9:      kennysheep_mini_moat, hangedman_abyss_or_decor_lesser_grid,
          hangedman_abyss_or_decor_stagger, uniq_maurice
D:10:     david_lair_shrubbed, david_orc_4
Temple:   dpeg_chambers_temple

Skill      XL: |  1  2  3  4  5  6  7  8  9 10 11 |
---------------+----------------------------------+-----
Conjurations   | 2 3 4 8 |  8.0
Fighting       | 2 3 4 |  4.0
Dodging        | 3 4 8 |  8.2
Shields        | 1 3 4 |  4.0
Translocations | 4 7 10 11 | 11.2
Spellcasting   | 6 10 12 14 | 14.0
Charms         | 4 |  4.0
Stealth        | |  2.4
Summonings     | |  1.1

Action                   |  1- 3 |  4- 6 |  7- 9 | 10-12 || total
-------------------------+-------+-------+-------+-------++-------
Melee: Unarmed           |       |     5 |       |       ||     5
       Staff             |       |       |     3 |     7 ||    10
       Flail             |       |       |       |    28 ||    28
 Cast: Magic Dart        |    53 |   158 |   385 |   503 ||  1099
       Mephitic Cloud    |     1 |     2 |    17 |    19 ||    39
       Blink             |       |     4 |     3 |     3 ||    10
       Call Imp          |       |     2 |     1 |       ||     3
       Conjure Flame     |       |     4 |    16 |    60 ||    80
       Gell's Gravitas   |       |       |       |    34 ||    34
       Lesser Beckoning  |       |       |       |     2 ||     2
Invok: Divine Energy     |       |       |     1 |       ||     1
  Use: Scroll            |       |     1 |     4 |    10 ||    15
       Potion            |       |       |     1 |       ||     1
  Eat: Chunk             |     1 |    10 |    12 |    12 ||    35
       Ration            |       |       |       |     2 ||     2
Armor: Robe              |     4 |    23 |    20 |    14 ||    61
Dodge: Dodged            |     4 |    58 |    93 |    87 ||   242
Block: Buckler           |       |       |     9 |    27 ||    36

Table legend:
 A = Spawn XP
 B = Non-spawn XP
 C = Spawn XP percentage of total XP
 D = Spawn monster count
 E = Non-spawn monster count
 F = Spawn count percentage of total count
 G = Total turns spent on level
                    A         B        C        D         E        F      G
               +---------+---------+-------+---------+---------+-------+---------
         Total |       0 |   20490 |   0.0 |       0 |     310 |   0.0 | 14133
               +---------+---------+-------+---------+---------+-------+---------
           D:1 |       0 |      17 |   0.0 |       0 |      11 |   0.0 |   632
           D:2 |       0 |      96 |   0.0 |       0 |      19 |   0.0 |   824
           D:3 |       0 |     246 |   0.0 |       0 |      20 |   0.0 |  1191
           D:4 |       0 |     262 |   0.0 |       0 |      15 |   0.0 |  1290
           D:5 |       0 |     281 |   0.0 |       0 |       9 |   0.0 |   509
           D:6 |       0 |     434 |   0.0 |       0 |      13 |   0.0 |   734
           D:7 |       0 |    2258 |   0.0 |       0 |      31 |   0.0 |  1242
           D:8 |       0 |    1631 |   0.0 |       0 |      53 |   0.0 |  1676
           D:9 |       0 |    1771 |   0.0 |       0 |      30 |   0.0 |  1151
          D:10 |       0 |    4735 |   0.0 |       0 |      51 |   0.0 |  2092
          D:11 |       0 |    5486 |   0.0 |       0 |      33 |   0.0 |  1901
          D:12 |       0 |    3273 |   0.0 |       0 |      25 |   0.0 |   835
               +---------+---------+-------+---------+---------+-------+---------
